Map: Frost LE

Players

ManoManolo

  • Race: Zerg Zerg
  • League: Master

Miszu - Winner!

  • Race: Terran Terran
  • League: Master

VOD

Have the link to the VOD?

Description

Time

  • Played on: June 25, 2016, 1:39 p.m.
  • Length: 13:49
Show
View Real Time Build Order
Export as new Build Order

ManoManolo Zerg 

Build Orders: Hatch First, Muta Ling Bane 

Get SALT Encoding   

  12  0:01  Drone  
  13  0:13  Overlord  
  13  0:17  Drone  
  14  0:31  Drone x2  
  17  0:35  Drone  
  17  0:46  Drone  
  18  0:56  Hatchery  
  17  1:03  Drone  
  18  1:11  Spawning Pool  
  17  1:19  Extractor  
  17  1:20  Drone x2  
  18  1:28  Drone  
  19  1:43  Overlord  
  19  2:07  Zergling x4  
  19  2:08  Queen x2  
  23  2:09  Drone  
  26  2:20  Metabolic Boost  
  26  2:24  Drone x2  
  26  2:25  Drone  
  28  2:37  Evolution Chamber  
  28  2:41  Drone x3  
  31  2:51  Drone x2  
  32  2:55  Overlord  
  32  3:03  Drone  
  32  3:05  Drone  
  35  3:12  Zergling x2  
  35  3:13  Queen  
  35  3:16  Drone  
  35  3:17  Lair  
  38  3:23  Drone x2  
  38  3:24  Drone x3  
  38  3:25  Overlord  
  43  3:44  Hatchery  
  42  3:50  Extractor  
  42  3:52  Extractor  
  42  3:55  Drone x3  
  42  3:56  Drone x3  
  42  3:57  Drone x2  
  42  3:58  Drone  
  49  4:03  Extractor, Drone x2  
  49  4:04  Drone  
  51  4:10  Overlord  
  51  4:13  Overlord  
  51  4:20  Spire, Drone  
  51  4:28  Zergling x6  
  51  4:29  Zergling x2  
  55  4:36  Zergling x8  
  56  4:55  Overseer  
  56  5:00  Queen  
  56  5:04  Drone x7  
  56  5:05  Overlord x3  
  65  5:25  Baneling Nest, Drone  
  65  5:33  Mutalisk  
  65  5:34  Mutalisk x6  
  79  5:48  Mutalisk  
  81  5:51  Overlord x2  
  81  5:58  Hatchery  
  81  6:01  Overlord x2  
  80  6:18  Drone x4  
  80  6:19  Drone x5  
  80  6:23  Queen  
  91  6:28  Drone x2, Evolution Chamber x2  
  91  6:29  Centrifical Hooks  
  91  6:34  Mutalisk x3  
  97  6:43  Overseer  
  97  6:44  Pneumatized Carapace  
  95  6:53  Mutalisk  
  97  7:03  Overlord x4  
  97  7:05  Baneling  
  97  7:06  Baneling x4  
  95  7:18  Mutalisk  
  95  7:22  Zerg Ground Armor Level 1  
  97  7:26  Extractor x2, Drone x2  
  97  7:27  Drone x3  
  97  7:28  Drone  
  101  7:32  Drone x7  
  101  7:33  Drone x4  
  110  7:57  Mutalisk x3  
  110  7:58  Mutalisk  
  112  8:02  Zergling x12  
  112  8:03  Zergling x2  
  119  8:09  Zergling x2  
  119  8:10  Zergling x12  
  119  8:11  Zerg Melee Weapons Level 1  
  126  8:13  Overseer x2  
  126  8:24  Overlord, Zerg Flyer Weapons Level 1  
  126  8:25  Overlord x3  
  126  8:27  Overseer  
  126  8:34  Zergling x18  
  133  8:41  Baneling x2  
  133  8:42  Baneling x13  
  133  8:53  Baneling  
  133  8:54  Baneling x7  
  133  8:57  Zergling x2  
  133  8:58  Zergling x28  
  133  9:02  Infestation Pit, Hatchery  
  146  9:08  Zergling x10  
  151  9:19  Zergling x8  
  151  9:21  Hatchery  
  152  9:31  Extractor  
  152  9:34  Extractor  
  137  9:43  Zergling x2  
  137  9:44  Zergling x22  
  110  10:10  Zergling x2  
  110  10:11  Zergling x24  
  117  10:17  Hive  
  113  10:23  Overlord  
  113  10:24  Overlord x2, Corruptor x3  
  113  10:27  Zerg Ground Armor Level 2, Zerg Melee Weapons Level 2  
  120  10:28  Zergling x2  
  120  10:29  Zergling x2  
  120  10:30  Baneling  
  120  10:31  Baneling x14  
  121  10:39  Zergling x12  
  121  10:40  Baneling  
  121  10:41  Baneling x8  
  127  10:59  Corruptor  
  127  11:00  Corruptor x4  
  126  11:08  Zergling x6  
  126  11:09  Zergling x26  
  113  11:21  Zergling x8  
  113  11:22  Zergling x12  
  123  11:28  Baneling  
  123  11:29  Baneling x7  
  123  11:33  Zergling x2  
  123  11:34  Zergling x10  
  123  11:37  Ultralisk Cavern  
  128  11:45  Zergling x2  
  128  11:46  Zergling x10  
  132  11:53  Drone x6  
  138  11:57  Baneling x4  
  138  11:58  Baneling x3  
  112  12:18  Viper x3  
  91  12:24  Zergling x8  
  91  12:25  Zergling x18  
  91  12:27  Zergling x2  
  91  12:28  Chitinous Plating  
  101  12:37  Ultralisk  
  101  12:40  Ultralisk  
  106  12:47  Baneling x4  
  106  12:48  Baneling x5  
  106  12:54  Zergling x2  
  106  12:55  Zergling x10  
  112  13:09  Hatchery  
  112  13:11  Spore Crawler  
  100  13:26  Drone x6  
Show
View Real Time Build Order
Export as new Build Order

Miszu Terran - Winner!

Build Orders: Liberator Opening, Reaper Expand 

Get SALT Encoding   

  12  0:01  SCV  
  13  0:13  SCV  
  14  0:18  Supply Depot  
  14  0:25  SCV  
  15  0:39  SCV  
  15  0:42  Barracks  
  16  0:44  Refinery  
  16  0:51  SCV  
  17  1:04  SCV  
  18  1:16  SCV  
  19  1:31  Orbital Command  
  19  1:32  Reaper  
  20  1:44  Command Center  
  20  1:56  Supply Depot  
  20  1:57  SCV  
  21  2:06  Factory  
  21  2:10  Marine  
  21  2:13  SCV  
  23  2:18  Refinery  
  23  2:25  SCV  
  24  2:37  SCV  
  24  2:40  Barracks Reactor  
  25  2:49  SCV  
  26  2:58  Starport, Orbital Command  
  26  3:00  Widow Mine  
  26  3:01  SCV  
  29  3:13  Supply Depot, SCV  
  29  3:16  Marine x2  
  32  3:26  SCV x2  
  34  3:29  Widow Mine  
  36  3:38  SCV x2  
  36  3:39  Medivac  
  36  3:40  Marine  
  36  3:41  Marine  
  41  3:50  SCV x2  
  41  3:52  Liberator  
  41  3:55  Command Center  
  43  3:58  Marine x2  
  43  4:01  Factory Reactor  
  46  4:02  SCV  
  46  4:03  SCV  
  50  4:15  SCV x2  
  52  4:21  Supply Depot, Factory Tech Lab  
  52  4:27  SCV  
  52  4:29  SCV  
  54  4:33  Barracks  
  54  4:34  Barracks  
  54  4:39  Liberator  
  54  4:43  SCV x2  
  52  4:55  SCV x2  
  52  4:58  Marine x2  
  62  5:03  Engineering Bay  
  62  5:04  Engineering Bay  
  62  5:05  Refinery  
  62  5:07  Refinery, SCV x2  
  62  5:10  Orbital Command  
  60  5:16  Marine, Widow Mine  
  60  5:19  SCV x2  
  62  5:22  Barracks Tech Lab x2  
  62  5:24  Barracks x2  
  62  5:31  SCV  
  62  5:32  Missile Turret  
  62  5:33  Missile Turret  
  63  5:37  SCV x2, Missile Turret  
  63  5:42  Starport Reactor  
  65  5:43  Terran Infantry Weapons Level 1, Terran Infantry Armor Level 1  
  65  5:44  SCV  
  66  5:51  Combat Shields  
  66  5:52  Marine x2  
  66  5:53  SCV  
  66  5:56  SCV  
  70  6:11  Marine x2  
  70  6:12  Barracks Reactor, Supply Depot  
  70  6:13  Barracks Reactor, Supply Depot  
  70  6:14  SCV x2  
  70  6:17  Liberator  
  74  6:19  Marine  
  74  6:20  Marine  
  74  6:24  Supply Depot  
  74  6:25  Supply Depot  
  76  6:26  SCV  
  76  6:29  Factory Reactor  
  77  6:34  SCV  
  77  6:36  Supply Depot  
  77  6:38  SCV  
  82  6:44  Refinery  
  82  6:45  Missile Turret  
  82  6:48  Marine x3  
  82  6:49  Marine x2, Refinery  
  88  6:55  Barracks Reactor  
  88  6:57  Marine  
  88  6:58  Orbital Command  
  87  7:06  Marine x3  
  87  7:07  Marine  
  90  7:13  Liberator  
  88  7:15  SCV  
  88  7:16  SCV  
  88  7:17  Barracks Reactor  
  88  7:19  Armory  
  89  7:24  Marine, SCV  
  89  7:27  SCV  
  89  7:28  SCV, Widow Mine x2  
  99  7:32  Bunker, Medivac  
  99  7:36  SCV  
  103  7:40  SCV  
  103  7:43  Supply Depot  
  102  7:45  Supply Depot x2, Liberator  
  102  7:52  Stimpack  
  102  7:56  Liberator  
  95  7:59  Barracks Reactor, Missile Turret  
  95  8:04  Marine x6  
  95  8:05  Marine  
  108  8:14  Terran Infantry Weapons Level 2  
  108  8:17  Terran Infantry Armor Level 2  
  108  8:22  Marine x5  
  108  8:25  Command Center  
  113  8:27  Liberator  
  113  8:34  Marauder  
  115  8:39  Barracks, Liberator  
  115  8:40  Barracks x2  
  113  8:53  Missile Turret  
  112  8:57  Marauder, Widow Mine  
  112  8:58  Widow Mine  
  122  9:02  SCV  
  122  9:03  SCV x2  
  124  9:10  Supply Depot, Liberator  
  124  9:11  Supply Depot  
  124  9:14  SCV  
  126  9:17  SCV x2  
  129  9:24  Marauder  
  129  9:27  SCV  
  129  9:29  SCV  
  121  9:43  Marine  
  121  9:44  Marine x10  
  121  9:45  Marauder  
  87  10:01  Marine  
  87  10:02  Marine x10  
  87  10:06  Marine  
  92  10:19  Marine x4, SCV x3  
  98  10:24  Barracks Tech Lab  
  98  10:25  Barracks Tech Lab x2  
  98  10:27  Medivac x2  
  102  10:28  Widow Mine x2  
  102  10:31  SCV x3  
  109  10:37  Terran Infantry Weapons Level 3  
  111  10:43  SCV x2  
  111  10:46  SCV  
  111  10:49  Planetary Fortress  
  112  10:55  SCV x2  
  114  10:58  Marauder, SCV  
  114  11:07  SCV x2  
  114  11:11  SCV  
  108  11:14  Marine, Marauder  
  108  11:16  Marine  
  108  11:17  Marine x7, Marauder  
  121  11:19  Marine  
  121  11:20  SCV, Widow Mine  
  121  11:24  SCV x2  
  128  11:25  SCV  
  128  11:31  Marine  
  128  11:32  SCV  
  130  11:34  Marine  
  130  11:35  Marine x4, Concussive Shells  
  130  11:36  Marauder  
  137  11:42  SCV x2  
  137  11:45  SCV x2  
  141  11:49  Bunker  
  141  11:51  Missile Turret  
  141  11:53  Marauder x2  
  149  12:01  Marauder x2  
  149  12:05  SCV x3  
  152  12:14  Marauder  
  152  12:15  Marauder  
  121  12:24  Marine  
  121  12:25  Marine x9  
  131  12:32  Medivac x2  
  131  12:35  Marine x2  
  137  12:42  Marine  
  137  12:43  Marine x5  
  143  12:46  Marine x2, Marauder x2  
  149  12:53  Marine  
  149  12:54  Marauder  
  152  13:00  Marine  
  152  13:01  Marine x3  
  152  13:03  Marine  
  152  13:04  Marine x3, Widow Mine x2  
  164  13:22  Marine  
  164  13:25  Marauder  
  147  13:45  Command Center  
Tags
 
Add a new tag
Caveats
  • Supply blocks, unpowered buildings, or Contaminate may cause inaccurate times.
  • Supply counts are checked every 10 seconds.